 Dungeon Crawl Stone Soup version 0.30-a0-354-g6b83867211 (webtiles) character file.

Game seed: 43317402233215256

35 greasedhog the Ducker (level 3, 0/19 HPs)
             Began as a Spriggan Fighter on Nov 8, 2022.
             Slain by a gnoll
             ... wielding a +0 halberd
              (12 damage)
             ... on level 2 of the Dungeon.
             The game lasted 00:01:32 (905 turns).

greasedhog the Ducker (Spriggan Fighter)             Turns: 905, Time: 00:01:35

Health: 0/19       AC:  2    Str: 12    XL:     3   Next: 17%
Magic:  4/4        EV: 17    Int:  9    God:
Gold:   54         SH:  6    Dex: 16    Spells: 2/2 levels left

rFire   . . .      SeeInvis +    a - +0 rapier
rCold   . . .      Faith    .    c - +0 buckler
rNeg    . . .      Spirit   .    b - +0 robe
rPois   .          Reflect  .    (helmet restricted)
rElec   .          Harm     .    (no cloak)
rCorr   .          Rampage  .    (gloves unavailable)
Will    .....                    (boots unavailable)
Stlth   ++........               (no amulet)
HPRegen 0.23/turn                (no ring)
MPRegen 0.09/turn                (no ring)

@: mighty, very quick
A: very small, no large weapons, unfitting armour, see invisible, speed 3
a: no special abilities


You were on level 2 of the Dungeon.
You visited 1 branch of the dungeon, and saw 2 of its levels.

You collected 54 gold pieces.

Inventory:

Hand Weapons
 a - a +0 rapier (weapon)
 f - a +0 dagger
Armour
 b - a +0 robe (worn)
 c - a +0 buckler (worn)
Scrolls
 j - a scroll of identify
Potions
 e - a potion of mutation {unknown}
 g - 2 potions of brilliance {unknown}
 h - a potion of haste {unknown}
 i - 2 potions of heal wounds


   Skills:
 - Level 2.5 Fighting
 * Level 3.1 Short Blades
 - Level 4.0 Dodging
 * Level 3.0 Stealth
 - Level 2.1 Shields


You had 2 spell levels left.
You didn't know any spells.
Your spell library contained the following spells:

 Spells                   Type           Power      Damage    Failure   Level
 Cigotuvi's Dreadful Rot  Necr/Pois/Air  0%         N/A       77%         2
 Poisonous Vapours        Pois/Air       0%         N/A       77%         2
 Mephitic Cloud           Conj/Pois/Air  0%         N/A       94%         3


Dungeon Overview and Level Annotations

Branches:
Dungeon (2/15)

Altars:


Innate Abilities, Weirdness & Mutations

You are very small and have problems with some larger weapons.
You are too small for most types of armour.
You have supernaturally acute eyesight. (SInv)
You cover ground extremely quickly. (Speed+++)


Message History

The kobold misses you.
You barely miss the kobold.
The kobold is severely wounded.
The kobold hits you with a +0 whip.
You hit the kobold but do no damage.
The kobold is severely wounded.
The kobold barely misses you.
You hit the kobold but do no damage.
The kobold is severely wounded.
The kobold hits you with a +0 whip. The kobold misses you.
You hit the kobold.
You kill the kobold!
No target in view!
No target in view!
No target in view!
No target in view!
No target in view!
No target in view!
No target in view!
Things that are here:
a +0 whip; a +0 leather armour; a kobold corpse
Found an escape hatch in the floor. 2 gnolls come into view.
The gnoll shouts! x2; You hear a shout!
There are monsters nearby!
A gnoll comes into view. It is wielding a +0 spear.
The gnoll closely misses you.
You feel very mighty all of a sudden. You block the gnoll's attack.
The gnoll closely misses you. The gnoll misses you.
The gnoll completely misses you.
You barely miss the gnoll. The gnoll closely misses you. The gnoll misses you.
The gnoll hits you from afar with a +0 spear.
You puncture the gnoll!
The gnoll is heavily wounded.
The gnoll barely misses you.
The gnoll hits you from afar with a +0 spear.
The gnoll hits you with a +0 halberd!
Ouch! That really hurt!
You die...

#.# #.. #.#
#.# #.# #.#
#.# ##.#######
#.###.........
#...........#
#.####.####>##
#.#
#.###g..###
#.#
#..@gg.....
#.#
#####...###
#.# ..... #.#
.### #.# #


You could see 3 gnolls.

Vanquished Creatures
  4 dart slugs
  A ball python (D:1)
  2 endoplasms
  3 giant cockroaches (D:1)
  2 goblins
  A hobgoblin (D:1)
  2 jackals (D:1)
  2 quokkas
  2 bats (D:1)
  A frilled lizard (D:1)
  5 kobolds
25 creatures vanquished.

Notes
Turn   | Place    | Note
-------+----------+-------------------------------------------
     0 | D:1      | greasedhog the Spriggan Fighter began the quest for the
                  | Orb.
     0 | D:1      | Reached XP level 1. HP: 11/11 MP: 2/2
    58 | D:1      | Reached skill level 1 in Stealth
   126 | D:1      | Reached XP level 2. HP: 14/16 MP: 3/3
   712 | D:2      | Reached XP level 3. HP: 19/19 MP: 4/4
   905 | D:2      | Slain by a gnoll

Illustrated notes

Levels and vault maps discovered:
D:1:      wander_arrival_fairy_ring, layout_loops_ring
D:2:      kennysheep_six_static_rooms, layout_loops_ring,
          ebering_dispersal_statue_hall, uniq_sigmund

Skill      XL: |  1  2  3 |
---------------+----------+-----
Stealth        | 1 2 3 |  3.0
Short Blades   | 3 |  3.1
Fighting       | |  2.5
Dodging        | |  4.0
Shields        | |  2.1

Action                   || total
-------------------------++-------
Melee: Rapier            ||    97
  Use: Scroll            ||     1
       Potion            ||     1
 Stab: Sleeping          ||     5
Armor: Robe              ||    10
Dodge: Dodged            ||    62
Block: Buckler           ||    33

Table legend: (Time is in decaauts)
 A = Elapsed time spent in this place.
 B = Non-inter-level travel time spent in this place.
 C = Inter-level travel time spent in this place.
 D = Time resting spent in this place.
 E = Time spent auto-exploring this place.
 F = Levels seen in this place.
 G = Mean time per level.
                   A        B        C        D        E       F      G
               +--------+--------+--------+--------+--------+-----+--------+
         Total |    635 |    623 |     12 |      0 |    414 |   2 |  317.5 |
       Dungeon |    635 |    623 |     12 |      0 |    414 |   2 |  317.5 |
               +--------+--------+--------+--------+--------+-----+--------+

Top non-repeatable levels by time:
     D:1: 472 daAuts
     D:2: 163 daAuts
